 Dungeon Crawl Stone Soup version 0.28.0-43-g3370ac3207 (webtiles) character file.

Game seed: 13874615275079531175

8882 terff the Covert (level 11, -14/73 HPs)
             Began as an Octopode Brigand on Mar 20, 2022.
             Killed from afar by a centaur (33 damage)
             ... with a bolt of acid
             ... on level 9 of the Dungeon.
             The game lasted 00:35:36 (12320 turns).

terff the Covert (Octopode Brigand)                Turns: 12320, Time: 00:35:37

Health: -14/73     AC: 12    Str: 17    XL:     11   Next: 37%
Magic:  11/11      EV: 22    Int: 15    God:
Gold:   757        SH:  5    Dex: 31    Spells: 10/10 levels left

rFire   . . .      SeeInvis +   r - +9 mace of Noniumaef {protect, rN++ Dex+5 Stlth+}
rCold   . . .      Faith    .   (no shield)
rNeg    + + .      Spirit   .   (helmet restricted)
rPois   .          Reflect  +   j - amulet of reflection
rElec   .          Harm     .   h - ring "Heref" {AC+4 Dex+8 SInv}
rCorr   .          Rampage  .   p - ring "Dyifumol" {+Blink AC+4 Int+2}
Will    .....                   g - ring of wizardry
Stlth   ++++++++..              v - +6 ring of strength
HPRegen 0.22/turn               (no ring)
MPRegen 0.12/turn               (no ring)
                                (no ring)
                                (no ring)

@: corroded, under a protective aura
A: almost no armour, amphibious, 8 rings, camouflage 1, gelatinous body 1,
(nimble swimmer 1), tentacles
a: Evoke Blink


You were on level 9 of the Dungeon.
You visited 3 branches of the dungeon, and saw 13 of its levels.

You collected 757 gold pieces.

Inventory:

Hand Weapons
 a - a +2 dagger
 d - a +5 short sword of protection
 e - a +5 scythe
 r - the +9 mace of Noniumaef (weapon) {protect, rN++ Dex+5 Stlth+}
   (You found it on level 5 of the Dungeon)

   It grants its wielder temporary protection when it strikes (+7 to AC).
   Dex:       It affects your dexterity (+5).
   rN:        It greatly protects you from negative energy.
   Stlth:     It makes you more stealthy.
 H - the +10 mace "Ofuwn" {drain, rC+ Dex+6}
   (You found it on level 9 of the Dungeon)

   A truly terrible weapon, it drains the life of any living foe it strikes.
   Dex:       It affects your dexterity (+6).
   rC:        It protects you from cold.
Missiles
 b - 11 poisoned darts (quivered)
 c - 2 curare-tipped darts
 q - a throwing net
 w - 4 atropa-tipped darts
Jewellery
 g - a ring of wizardry (on tentacle)
 h - the ring "Heref" (left tentacle) {AC+4 Dex+8 SInv}
   (You acquired it on level 2 of the Dungeon)

   [ring of protection]

   AC:        It affects your AC (+4).
   Dex:       It affects your dexterity (+8).
   SInv:      It lets you see invisible.
 j - an amulet of reflection (around mantle)
 p - the ring "Dyifumol" (right tentacle) {+Blink AC+4 Int+2}
   (You acquired it on level 1 of the Dungeon)

   [ring of protection]

   AC:        It affects your AC (+4).
   Int:       It affects your intelligence (+2).
   +Blink:    It lets you blink.
 v - a +6 ring of strength (on tentacle)
Wands
 f - a wand of flame (17)
 i - a wand of paralysis (6)
 k - a wand of polymorph (17)
 D - a wand of charming (1)
Scrolls
 m - 3 scrolls of vulnerability
 o - 3 scrolls of identify
 u - a scroll of enchant armour
 y - a scroll of summoning {unknown}
 B - 2 scrolls of enchant weapon
 C - 2 scrolls of noise
 E - a scroll of teleportation
 G - a scroll of holy word {unknown}
Potions
 l - 3 potions of degeneration
 n - 5 potions of curing
 s - 3 potions of mutation
 t - 2 potions of brilliance
 x - a potion of might {unknown}
 z - a potion of haste {unknown}
 A - 2 potions of flight {unknown}
 F - a potion of heal wounds


   Skills:
 + Level 6.3 Fighting
 - Level 5.8 Short Blades
 + Level 9.4 Maces & Flails
 + Level 2.1 Throwing
 + Level 7.8 Dodging
 + Level 12.8 Stealth
 + Level 4.2 Shields


You had 10 spell levels left.
You didn't know any spells.
Your spell library contained the following spells:

 Spells                   Type           Power      Damage    Failure   Level
 Ozocubu's Armour         Ice            0%         N/A       32%         3
 Cause Fear               Hex            0%         N/A       69%         4
 Metabolic Englaciation   Hex/Ice        0%         N/A       95%         5
 Simulacrum               Ice/Necr       0%         N/A       100%        6
 Dragon Form              Tmut           0%         N/A       100%        7
 Dragon's Call            Summ           0%         N/A       100%        9


Dungeon Overview and Level Annotations

Branches:
Dungeon (11/15)            Temple (1/1) D:6            Lair (0/6) D:8
    Orc (1/2) D:10

Altars:
Ashenzari
Cheibriados
Elyvilon
Fedhas
Gozag
Kikubaaqudgha
Makhleb
Nemelex Xobeh
Okawaru
Qazlal
Ru
Sif Muna
Trog
Uskayaw
Vehumet
Wu Jian
Xom
Yredelemnul
Zin
The Shining One

Shops:
D:5 (   D:10 [

Annotations:
D:4 2 transporters, vvl's ghost, amateur MfFi


Innate Abilities, Weirdness & Mutations

You cannot wear most types of armour.
You are amphibious.
You can wear up to eight rings at the same time.
Your skin changes colour to match your surroundings (Stealth+).
Your rubbery body absorbs attacks. (AC +1, EV +1)
((You are camouflaged when in or above water. (Stealth+)))
You have tentacles for arms and can constrict up to eight enemies at once.


Message History

The troll bites you. The troll barely misses you. You block the troll's attack.
You block the kobold brigand's attack.
You thump the troll!
You kill the troll!
The troll leather armour is intact enough to wear.
The centaur wields a +0 shortbow.
The centaur shoots an arrow.
The arrow barely misses you.
The centaur shoots an arrow.
You reflect the arrow off an invisible shield around you!
The arrow hits the centaur!
Found a book of Spatial Translocations and 23 stones.
The kobold brigand misses you.
The centaur shoots an arrow.
The arrow barely misses you.
Things that are here:
a +0 troll leather armour; a troll corpse You hit the kobold brigand.
You grab the kobold brigand.
The kobold brigand is lightly wounded.
You constrict the kobold brigand.
The centaur shoots an arrow.
The arrow completely misses you. The kobold brigand closely misses you.
You thump the kobold brigand!
The kobold brigand is severely wounded.
You constrict the kobold brigand.
The centaur zaps a wand.
The bolt of acid hits you!! The acid corrodes you!
The kobold brigand misses you.
The centaur shoots an arrow.
The arrow misses you.
You hit the kobold brigand.
The kobold brigand is severely wounded.
You constrict the kobold brigand.
The centaur shoots an arrow.
The arrow misses you.
The kobold brigand hits you but does no damage.
You sock the kobold brigand!
You kill the kobold brigand!
The centaur shoots an arrow.
You reflect the arrow off an invisible shield around you!
The arrow hits the centaur!
The centaur shoots an arrow.
The arrow hits you!
The centaur zaps a wand.
The bolt of acid hits you!
* * * LOW HITPOINT WARNING * * *
Items here: ( )) †.
The centaur zaps a wand.
The bolt of acid misses you.
The centaur zaps a wand.
The bolt of acid hits you!!
You die...

#.......#
#####>....## ..
#........###### ..#
#######.<.....# ...
#[#####.# ..# ###
#[#####.# #.. #.#
#[##....# ...
..##..##.#
#.##.#### ...
.......)@###)[....#
...
...c...[...[......#
..#
......##.######.###
# ...... ### #.#
##..# ########.#
#.. ###........#
:.# #.......#### (.
########.# #.# #.#


You could see a centaur.

Vanquished Creatures
  A two-headed ogre (D:10)
  Maurice (D:11)
  An unseen horror (D:10)
  An efreet (D:9)
  4 trolls
  A wind drake (shapeshifter) (D:9)
  A meliai zombie (D:11)
  Sigmund (D:4)
  2 yaks
  3 wyverns
  2 steam dragons
  5 vampire mosquitoes (D:9)
  Duvessa (D:5)
  5 water moccasins
  A sky beast (D:7)
  7 orc warriors
  A black bear (D:7)
  An ogre (D:5)
  A necrophage (D:6)
  A centaur (D:6)
  A kobold brigand (D:9)
  Blork the orc (D:4)
  6 bullfrogs
  2 gnoll sergeants (D:9)
  3 scorpions
  A water moccasin skeleton (D:6)
  Dowan (D:5)
  4 killer bees
  2 howler monkeys
  3 wights (D:6)
  5 centaur zombies
  A jelly (D:7)
  Crazy Yiuf (D:5)
  3 hounds
  6 orc priests
  Natasha (thrice) (D:2)
  3 iguanas
  15 orc wizards
  A scorpion zombie (D:5)
  Ijyb (D:4)
  A killer bee zombie (D:6)
  A hound skeleton (D:4)
  A howler monkey zombie (D:8)
  An adder (D:3)
  2 white imps
  2 ufetubi
  2 adder skeletons (D:4)
  4 dart slugs
  29 orcs
  3 endoplasms (D:1)
  5 giant cockroaches
  8 goblins
  A hobgoblin (D:2)
  4 jackals (D:1)
  4 quokkas
  10 ball pythons
  5 bats
  3 frilled lizards
  8 kobolds
  3 rats
201 creatures vanquished.

Notes
Turn   | Place    | Note
-------+----------+-------------------------------------------
     0 | D:1      | terff the Octopode Brigand began the quest for the Orb.
     0 | D:1      | Reached XP level 1. HP: 14/14 MP: 1/1
   206 | D:2      | Reached XP level 2. HP: 19/19 MP: 2/2
   228 | D:2      | Noticed Natasha
   235 | D:2      | Killed Natasha
   236 | D:2      | Reached skill level 6 in Stealth
   236 | D:2      | Reached XP level 3. HP: 19/24 MP: 3/3
   315 | D:3      | Reached skill level 7 in Stealth
   315 | D:3      | Reached XP level 4. HP: 19/29 MP: 4/4
   364 | D:3      | Found a burning altar of Makhleb.
   570 | D:3      | Found an ancient bone altar of Kikubaaqudgha.
  1107 | D:4      | Found a broken altar of Ashenzari.
  1196 | D:4      | Found a transporter.
  1198 | D:4      | Found a transporter.
  1198 | D:4      | Noticed vvl's ghost (amateur MfFi)
  1200 | D:4      | Noticed an orc warrior
  1254 | D:4      | Noticed Sigmund
  1262 | D:4      | Killed Sigmund
  1263 | D:4      | Reached skill level 8 in Stealth
  1263 | D:4      | Reached XP level 5. HP: 35/35 MP: 5/5
  1263 | D:4      | Reached XP level 6. HP: 41/41 MP: 6/6
  1363 | D:4      | Noticed Blork the orc
  1371 | D:4      | Killed Blork the orc
  1750 | D:4      | Noticed Ijyb
  1807 | D:5      | Entered Level 5 of the Dungeon
  1917 | D:4      | Killed Ijyb
  2028 | D:5      | Reached XP level 7. HP: 45/45 MP: 7/7
  2045 | D:5      | Reached skill level 1 in Shields
  2111 | D:5      | You fall into a shaft and drop 1 floor!
  2240 | D:6      | Found a staircase to the Ecumenical Temple.
  2247 | Temple   | Entered the Ecumenical Temple
  2557 | D:6      | Reached skill level 5 in Short Blades
  2557 | D:6      | Reached skill level 9 in Stealth
  2670 | D:5      | Noticed Duvessa
  2675 | D:5      | Noticed Dowan
  2690 | D:5      | Killed Duvessa
  2691 | D:5      | Reached XP level 8. HP: 27/52 MP: 8/8
  2699 | D:5      | Killed Dowan
  3042 | D:5      | Found Arratem's Weapon Shoppe.
  3752 | D:5      | Found a shimmering blue altar of Sif Muna.
  3880 | D:5      | Found a shimmering blue altar of Sif Muna.
  3933 | D:5      | Identified the +9 mace of Noniumaef {protect, rN++ Dex+5
                  | Stlth+}
  3936 | D:5      | Found a runed translucent door.
  3937 | D:5      | Noticed Crazy Yiuf
  3944 | D:5      | Killed Crazy Yiuf
  4652 | D:2      | Noticed Natasha
  4660 | D:2      | Killed Natasha
  4892 | D:2      | Noticed Natasha
  4896 | D:2      | Killed Natasha
  4897 | D:2      | Reached skill level 10 in Stealth
  5121 | D:2      | Identified 2 scrolls of acquirement
  5121 | D:2      | Acquired the ring "Heref" {AC+4 Dex+8 SInv}
  5458 | D:1      | Found a faded altar of an unknown god.
  5557 | D:1      | Acquired the ring "Dyifumol" {+Blink AC+4 Int+2}
  6329 | D:6      | Reached skill level 1 in Maces & Flails
  6837 | D:6      | Reached XP level 9. HP: 53/58 MP: 9/9
  6999 | D:7      | Found a glowing silver altar of Zin.
  7124 | D:7      | Reached skill level 11 in Stealth
  7135 | D:7      | Found a white marble altar of Elyvilon.
  7162 | D:7      | Found a snail-covered altar of Cheibriados.
  7195 | D:7      | Reached skill level 5 in Dodging
  7210 | D:7      | Found a sparkling altar of Nemelex Xobeh.
  7229 | D:7      | Found a shimmering altar of Xom.
  7442 | D:7      | Found an opulent altar of Gozag.
  7701 | D:8      | Noticed a death yak
  7702 | D:8      | Noticed a death yak
  8002 | D:8      | Reached skill level 5 in Maces & Flails
  8279 | D:8      | Reached skill level 12 in Stealth
  8367 | D:8      | Found a staircase to the Lair.
  8382 | D:8      | Noticed a death yak
  8708 | D:8      | Reached XP level 10. HP: 65/65 MP: 10/10
  9026 | D:9      | Reached skill level 5 in Fighting
  9331 | D:9      | Noticed a rakshasa
  9467 | D:10     | Entered Level 10 of the Dungeon
  9530 | D:10     | Noticed a two-headed ogre
  9941 | D:11     | Noticed Maurice
  9959 | D:11     | Noticed a gargoyle
 10302 | D:11     | Paralysed by Maurice for 5 turns
 10312 | D:11     | Paralysed by Maurice for 2 turns
 10322 | D:11     | Paralysed by Maurice for 6 turns
 10342 | D:11     | Killed Maurice
 10533 | D:10     | Found Puwoheg's Armour Shop.
 10540 | D:10     | Found a staircase to the Orcish Mines.
 10604 | Orc:1    | Entered Level 1 of the Orcish Mines
 11046 | D:10     | Noticed an unseen horror
 11058 | D:10     | Killed an unseen horror
 11320 | D:10     | Killed a two-headed ogre
 11321 | D:10     | Reached XP level 11. HP: 64/72 MP: 11/11
 11963 | D:9      | Identified the +10 mace "Ofuwn" {drain, rC+ Dex+6}
 12320 | D:9      | Killed from afar by a centaur

Illustrated notes

Levels and vault maps discovered:
D:1:      dpeg_arrival_round_b, layout_loops_corners,
          shapermc_ecumenical_altar_mp_urbaneastern
D:2:      layout_loops_ring, uniq_natasha
D:3:      layout_basic, nicolae_overflow_hidden_temple,
          mainiacjoe_overflow_24_doors, minmay_cupped
D:4:      layout_basic, evilmike_ruin_ashenzari, gammafunk_ghost_arena,
          chequers_serial_rivers_micro_d, uniq_sigmund, uniq_blork_the_orc,
          uniq_ijyb
D:5:      layout_basic, tgw_sif, serial_shops, nicolae_shop_behind_doors,
          minmay_fountain_box, palyth_stone_intersect, kennysheep_flooded_box,
          uniq_duvessa, uniq_crazy_yiuf_cottage
D:6:      layout_rooms, minmay_temple_entry_nine_rooms
D:7:      layout_loops_ring, general_overflow_altar,
          mainiacjoe_overflow_six_doors_small,
          nicolae_overflow_quartered_altars, minmay_strange_pillars
D:8:      layout_loops_ring, dpeg_lair_monsters
D:9:      minmay_bloctagon, layout_loops_ring, kennysheep_mini_moat,
          lemuel_doored_altar
D:10:     layout_roguey, orc_david_3, enter_bailey_3
D:11:     layout_loops_ring, serial_aquarium, aquarium_bridge_straight
          [aquarium_subvault_bridge, aquarium_subvault_wall,
          aquarium_subvault_bridge, aquarium_subvault_balcony],
          aquarium_window_corner, aquarium_window_2, aquarium_window_corridor_1,
          aquarium_window_corner, aquarium_view_2b, aquarium_view_2c,
          uniq_josephine, uniq_maurice, uniq_grum
Temple:   eino_wide_crystal_templ
Orc:1:    layout_caves

Skill      XL: |  1  2  3  4  5  6  7  8  9 10 11 |
---------------+----------------------------------+-----
Stealth        | 6 7 8 9 10 12 | 12.8
Short Blades   | 3 4 5 |  5.8
Dodging        | 2 3 4 5 7 |  7.8
Shields        | 1 2 4 |  4.2
Fighting       | 3 4 6 |  6.3
Maces & Flails | 2 5 8 9 |  9.4
Throwing       | |  2.1

Action                   |  1- 3 |  4- 6 |  7- 9 | 10-12 || total
-------------------------+-------+-------+-------+-------++-------
Melee: Dagger            |     5 |       |       |       ||     5
       Short sword       |     9 |    63 |   105 |       ||   177
       Constrict         |     3 |    12 |    51 |    40 ||   106
       Tentacles         |     2 |     9 |    66 |    58 ||   135
       Punch             |       |       |     7 |     5 ||    12
       Mace              |       |       |   183 |   224 ||   407
Evoke: Wand              |       |       |     1 |       ||     1
  Use: Scroll            |       |     2 |    12 |     6 ||    20
       Potion            |       |       |       |     1 ||     1
 Stab: Sleeping          |     5 |     6 |    29 |     5 ||    45
Armor: Skin              |     2 |    23 |    84 |    82 ||   191
Dodge: Dodged            |    12 |    23 |   229 |   238 ||   502
Block: Other             |       |     2 |    66 |    75 ||   143
       Reflection        |       |       |     1 |     4 ||     5
